 Dungeon Crawl Stone Soup version 0.23.2-40-g277498a001 (webtiles) character file.

Game seed: 4151986113389078624

58 MalarOregon the Grave Robber (level 3, -2/26 HPs)
             Began as a Draconian Necromancer on Sept 19, 2019.
             Slain by a gnoll
             ... wielding a +0 spear
              (4 damage)
             ... on level 2 of the Dungeon.
             The game lasted 00:01:48 (1239 turns).

MalarOregon the Grave Robber (DrNe)                 Turns: 1239, Time: 00:01:49

Health: -2/26      AC:  5    Str: 10    XL:     3   Next: 75%
Magic:  1/6        EV: 12    Int: 16    God:
Gold:   74         SH:  0    Dex: 11    Spells: 2/7 levels left

rFire    . . .     SeeInvis .   (no weapon)
rCold    . . .     Gourm    .   (no shield)
rNeg     . . .     Faith    .   (armour unavailable)
rPois    .         Spirit   .   (helmet restricted)
rElec    .         Reflect  .   (no cloak)
rCorr    .         Harm     .   (no gloves)
MR       .....                  (no boots)
Stlth    ++........             (no amulet)
HPRegen  0.08/turn              (no ring)
MPRegen  0.10/turn              (no ring)

@: no status effects
A: unfitting armour, cold-blooded, AC +5
a: no special abilities


You were on level 2 of the Dungeon.
You were not hungry.

You visited 1 branch of the dungeon, and saw 2 of its levels.

You collected 74 gold pieces.

Inventory:

Scrolls
 a - a scroll of magic mapping {unknown}
 b - 4 scrolls of identify {unknown}
 f - a scroll of enchant armour {unknown}
 h - a scroll of remove curse {unknown}
Potions
 d - a potion of curing {unknown}
 g - a potion of ambrosia {unknown}
Comestibles
 c - 2 chunks of flesh
 e - a ration {!d}


   Skills:
 + Level 2.4 Dodging
 + Level 2.5 Stealth
 + Level 2.5 Spellcasting
 + Level 4.4 Necromancy


You had 2 spell levels left.
You knew the following spells:

 Your Spells              Type           Power        Failure   Level  Hunger
a - Pain                  Necr           ###.         3%          1    #......
q - Vampiric Draining     Necr           ###.......   10%         3    ###....
u - Animate Skeleton      Necr           N/A          3%          1    #......

Your spell library contained the following spells:

 Spells                   Type           Power        Failure   Level  Hunger
 Regeneration             Chrm/Necr      #.........   24%         3    ###....
 Animate Dead             Necr           N/A          32%         4    #####..


Dungeon Overview and Level Annotations

Branches:
Dungeon (2/15)

Altars:


Innate Abilities, Weirdness & Mutations

Your plain brown scales are hard. (AC +5)
You cannot fit into any form of body armour.
You are cold-blooded and may be slowed by cold attacks.


Message History

Before your eyes, flesh is ripped from the corpse!
The dead are walking!
The gnoll hits you with a +0 club. The gnoll closely misses you.
You see here 3 chunks of flesh.
Aim: a gnoll, wielding a +0 club (chance to defeat MR: 80%)
The gnoll writhes in agony.
The gnoll closely misses you. The gnoll hits you but does no damage.
Your gnoll skeleton barely misses the gnoll.
Unknown command.
You hit the gnoll but do no damage. The gnoll hits you but does no damage.
The gnoll misses you.
Your gnoll skeleton hits the gnoll from afar with a +0 spear.
You barely miss the gnoll.
The gnoll hits you from afar with a +0 spear!
* * * LOW HITPOINT WARNING * * *
The gnoll misses you.
A hobgoblin comes into view. It is wielding a +0 club.
Your gnoll skeleton barely misses the gnoll.
Aim: a gnoll, wielding a +0 club (heavily wounded, chance to defeat MR: 80%)
The gnoll writhes in agony.
The gnoll hits you with a +0 club.
* * * LOW HITPOINT WARNING * * *
Your gnoll skeleton completely misses the gnoll.
You barely miss the gnoll. The gnoll barely misses you.
You hit the gnoll but do no damage.
Your gnoll skeleton barely misses the gnoll.
The gnoll hits you but does no damage.
You closely miss the gnoll.
Your gnoll skeleton hits the gnoll from afar with a +0 spear.
The gnoll dies!
The gnoll barely misses you.
You hit the gnoll.
Your gnoll skeleton hits the gnoll with a +0 spear!
The gnoll closely misses you.
You hit the gnoll. The gnoll completely misses you.
The gnoll hits you with a +0 whip.
* * * LOW HITPOINT WARNING * * *
You hit the gnoll. The gnoll barely misses you.
Your gnoll skeleton hits the gnoll with a +0 spear.
The gnoll dies!
Unknown command.
Found 6 poisoned needles.
The gnoll hits you with a +0 spear.
* * * LOW HITPOINT WARNING * * *
Your gnoll skeleton hits the gnoll but does no damage.
You don't have enough magic to cast that spell.
The gnoll closely misses you.
Your gnoll skeleton barely misses the gnoll.
There is a stone staircase leading up here.
The gnoll hits you from afar with a +0 spear.
You die...

#.. .#.### #.#
..... #.# ...#
#.# ####...##.#
#.# #..%gg....#
#.# #.##...####
#.# #)# .......
#.###g##.......
#.@.gZ...######
#####.####
#........#
#.#....#.#
#.#...... .
......... ##
.#.....## .
#..#.# .. ..(.#


You could see a gnoll, a hobgoblin and a friendly gnoll skeleton.

Vanquished Creatures
  A gnoll (D:2)
  An ooze (D:1)
  2 dart slugs (D:1)
  A leopard gecko (D:1)
  3 bats (D:1)
  2 giant cockroaches (D:1)
  3 goblins (D:1)
  3 hobgoblins (D:1)
  2 kobolds (D:1)
  A frilled lizard (D:1)
  3 rats (D:1)
22 creatures vanquished.

Vanquished Creatures (collateral kills)
  2 gnolls (D:2)
2 creatures vanquished.

Grand Total: 24 creatures vanquished

Notes
Turn   | Place    | Note
-------+----------+-------------------------------------------
     0 | D:1      | MalarOregon the Draconian Necromancer began the quest for
                  | the Orb.
     0 | D:1      | Reached XP level 1. HP: 14/14 MP: 3/3
   396 | D:1      | Reached XP level 2. HP: 19/20 MP: 3/5
   830 | D:1      | Learned a level 1 spell: Animate Skeleton
  1001 | D:1      | Reached XP level 3. HP: 19/26 MP: 4/6
  1063 | D:1      | Learned a level 3 spell: Vampiric Draining
  1239 | D:2      | Slain by a gnoll

Skill      XL: |  1 |
---------------+----+-----
Dodging        | 2 |  2.4
Stealth        | 2 |  2.5
Spellcasting   | |  2.5
Necromancy     | |  4.4

Action                   || total
-------------------------++-------
Melee: Unarmed           ||    42
       Tailslap          ||     1
 Cast: Pain              ||    42
       Animate Skeleton  ||     1
 Stab: Sleeping          ||     1
  Eat: Chunk             ||     2
Armor: Skin              ||    23
Dodge: Dodged            ||    38
